 Seeded DCSS version 0.30-a0-743-gbfdf073431 (webtiles) character file.

Game seed: 8569270324503026532 (custom seed)

5497 a11behringer the Blocker (level 11, -2/84 HPs)
             Began as a Formicid Fighter on Feb 7, 2023.
             Was a Priest of Okawaru.
             Slain by a two-headed ogre
             ... wielding a +0 giant club
              (9 damage)
             ... on level 9 of the Dungeon on Feb 8, 2023.
             The game lasted 00:27:05 (7595 turns).

a11behringer the Blocker (Formicid Fighter)         Turns: 7595, Time: 00:27:05

Health: -2/84      AC: 21    Str: 25    XL:     11   Next: 1%
Magic:  11/13      EV: 10    Int:  8    God:    Okawaru [***...]
Gold:   393        SH:  7    Dex: 13    Spells: 10/10 levels left

rFire   . . .      SeeInvis +    H - +4 battleaxe (elec)
rCold   . . .      Faith    .    c - +0 buckler
rNeg    . . .      Spirit   .    C - +1 shadow dragon scales
rPois   +          Reflect  .    (helmet unavailable)
rElec   .          Harm     .    E - +0 cloak
rCorr   .          Rampage  .    (no gloves)
Will    ++...                    q - +0 pair of boots
Stlth   ++++++                   (no amulet)
HPRegen 0.34/turn                i - ring of willpower
MPRegen 0.13/turn                z - ring of poison resistance

@: heroic
A: permanent stasis, dig shafts and tunnels, antennae 3, four strong arms
a: Dig, Shaft Self, Renounce Religion, Heroism


You were on level 9 of the Dungeon.
You worshipped Okawaru.
Okawaru was most pleased with you.
You visited 2 branches of the dungeon, and saw 10 of its levels.

You collected 465 gold pieces.
You spent 72 gold pieces at shops.

Inventory:

Hand Weapons
 a - a +1 flail
 d - the +10 sling "Goblin's Regret" {freeze, rElec Dex+3}
   (You found it on level 2 of the Dungeon)

   Dex:       It affects your dexterity (+3).
   rElec:     It insulates you from electricity.
 e - a +0 whip of freezing
 l - a +1 flail of holy wrath
 t - a +0 morningstar
 y - a +0 giant spiked club
 D - a +0 battleaxe
 F - a +0 dire flail
 H - a +4 battleaxe of electrocution (weapon)
 K - a +4 war axe of flaming
Armour
 b - a +0 scale mail
 c - a +0 buckler (worn)
 f - a +1 plate armour
 g - a scarf of harm
 k - a +0 hat
 p - a +1 chain mail of poison resistance
 q - a +0 pair of boots (worn)
 C - +1 shadow dragon scales (worn)
 E - a +0 cloak (worn)
Jewellery
 i - a ring of willpower (left hand)
 z - a ring of poison resistance (right hand)
 A - a ring of fire
 G - the ring of Buer {rCorr MP+9 Int+2 Dex-2}
   (You found it on level 6 of the Dungeon)

   [ring of magical power]

   Int:       It affects your intelligence (+2).
   Dex:       It affects your dexterity (-2).
   MP:        It affects your magic capacity (+9).
   rCorr:     It protects you from acid and corrosion.
 J - a ring of ice
Wands
 o - a wand of flame (17)
 B - a wand of roots (17)
 N - a wand of acid (7)
Scrolls
 j - 2 scrolls of enchant weapon
 s - 3 scrolls of immolation
 v - a scroll of poison {unknown}
 w - a scroll of fog
Potions
 h - a potion of flight
 m - 3 potions of lignification
 n - 2 potions of brilliance
 r - 2 potions of resistance
 u - 3 potions of mutation
 x - 2 potions of magic {unknown}
 I - a potion of ambrosia
 L - a potion of curing
 M - a potion of heal wounds
 O - a potion of might


   Skills:
 + Level 7.5(12.5) Fighting
 * Level 6.0(12.3) Axes
 - Level 6.4(12.5) Maces & Flails
 + Level 4.2(9.2) Ranged Weapons
 + Level 7.4(12.4) Armour
 + Level 6.2(11.2) Stealth
 + Level 9.2(14.2) Shields
 + Level 3.3 Invocations


You had 10 spell levels left.
You didn't know any spells.
Your spell library contained the following spells:

 Spells                   Type           Power      Damage    Failure   Level
 Kiss of Death            Conj/Necr      0%         2d5       91%         1
 Confusing Touch          Hex            0%         N/A       100%        3
 Gell's Gravitas          Tloc           0%         N/A       100%        3
 Teleport Other           Tloc           0%         N/A       100%        3
 Dispel Undead            Necr           0%         3d6       100%        4
 Dispersal                Tloc           0%         N/A       100%        6
 Summon Small Mammal      Summ           Unusable   N/A       N/A         1
 Call Canine Familiar     Summ           Unusable   N/A       N/A         3
 Summon Guardian Golem    Hex/Summ       Unusable   N/A       N/A         3

Dungeon Overview and Level Annotations

Branches:
Dungeon (9/15)             Temple (1/1) D:7
   Lair: D:8-11         Orc: D:9-12

Altars:
Cheibriados
Makhleb
Okawaru
Trog
Vehumet
Yredelemnul

Shops:
D:5 (   D:7 =?:?


Innate Abilities, Weirdness & Mutations

You cannot be hasted, slowed, berserked, paralysed or teleported.
You can dig through walls and to a lower floor.
You have a pair of large antennae on your head. (SInv)
Your four strong arms can wield two-handed weapons with a shield.


Message History

The yak attacks as you move away! The yak closely misses you.
The yak attacks as you move away! You block the yak's attack.
You gain the combat prowess of a mighty hero.
The yak gores you. The yak gores you but does no damage.
You slice the yak!!
The yak is almost dead.
You slash the yak! Lightning courses through the yak!
The yak gores you but does no damage. The yak barely misses you.
You slice the yak!!
You kill the yak!
Okawaru accepts your kill.
You barely miss the yak. The yak closely misses you.
You hit the komodo dragon but do no damage.
You barely miss the yak. The komodo dragon bites you!! The yak gores you.
You slash the komodo dragon!
The komodo dragon is moderately wounded.
You slash the yak! Lightning courses through the yak!
You kill the yak!
Okawaru accepts your kill. The komodo dragon barely misses you.
You block the komodo dragon's attack.
Your base Axes skill increases to level 6!
You have reached level 11!
The two-headed ogre attacks as you move away!
The two-headed ogre hits you with a +0 giant club!
The two-headed ogre hits you with a +0 giant club.
The komodo dragon attacks as you move away!
The komodo dragon bites you!
* * * LOW HITPOINT WARNING * * *
You barely miss the two-headed ogre.
The two-headed ogre hits you with a +0 giant club!
* * * LOW HITPOINT WARNING * * *
The two-headed ogre hits you but does no damage.
You barely miss the two-headed ogre. You slice the two-headed ogre!!
Lightning courses through the two-headed ogre!!
The two-headed ogre is almost dead.
You hear a croak.
The two-headed ogre hits you but does no damage.
The two-headed ogre hits you with a +0 giant club!
You die...

.# #. .# #(.....?.....(# #.
.# #.....=.).....# #. .#####
#...o.oo......# ## .....#
#...≈≈≈≈≈...# # ..##.#
#...{?.)....#{ # ..##.#
###{.{{{....# {{ { #
..##.#########.###{{{)o# # #
..).............@###'###....
#
......##....#..##OYOo.......
.
†...............{.....##....
.
..##........................
.
...........................
###########################


You could see 2 two-headed ogres, a yak and an orc wizard.

Vanquished Creatures
  A two-headed ogre (D:8)
  Maurice (D:8)
  Joseph (D:8)
  Sigmund (D:2)
  A shadow (D:7)
  A wyvern (D:8)
  8 yaks
  A steam dragon (D:8)
  Menkaure (D:7)
  2 water moccasins
  A sky beast (D:5)
  An ice beast (D:7)
  3 kobold brigands
  2 bullfrogs
  A necrophage (D:7)
  A gnoll sergeant (D:8)
  A scorpion (D:6)
  11 wights
  4 killer bees (D:9)
  An electric eel (D:6)
  A howler monkey (D:7)
  A jelly (D:8)
  A gnoll bouda (D:8)
  2 orc priests
  4 hounds
  An iguana (D:5)
  4 orc wizards
  7 adders
  12 gnolls
  2 white imps
  4 worms
  3 dart slugs
  26 orcs
  7 ball pythons
  5 endoplasms
  3 giant cockroaches
  10 goblins
  8 hobgoblins
  4 jackals (D:3)
  22 kobolds
  3 quokkas
  9 bats
  4 frilled lizards
  5 rats
192 creatures vanquished.

Vanquished Creatures (others)
  A plant (D:6)
1 creature vanquished.

Grand Total: 193 creatures vanquished

Notes
Turn   | Place    | Note
-------+----------+-------------------------------------------
     0 | D:1      | a11behringer the Formicid Fighter began the quest for the
                  | Orb.
     0 | D:1      | Reached XP level 1. HP: 18/18 MP: 1/1
    26 | D:1      | Reached XP level 2. HP: 23/24 MP: 2/2
   230 | D:1      | Reached XP level 3. HP: 23/29 MP: 3/3
   524 | D:2      | Noticed Sigmund
   533 | D:2      | Killed Sigmund
   534 | D:2      | Reached skill level 5 in Shields
   534 | D:2      | Reached XP level 4. HP: 23/37 MP: 4/4
   534 | D:2      | Reached XP level 5. HP: 26/42 MP: 5/5
   534 | D:2      | Reached XP level 6. HP: 30/48 MP: 6/6
   539 | D:2      | Identified the +10 sling "Goblin's Regret" {freeze, rElec
                  | Dex+3}
  1923 | D:3      | Reached XP level 7. HP: 55/55 MP: 7/7
  2013 | D:3      | You fall into a shaft and drop 1 floor!
  2909 | D:5      | Entered Level 5 of the Dungeon
  3020 | D:5      | Noticed a water moccasin
  3037 | D:5      | Killed a water moccasin
  3038 | D:5      | Reached skill level 5 in Maces & Flails
  3038 | D:5      | Reached skill level 6 in Shields
  3124 | D:5      | Reached skill level 5 in Fighting
  3263 | D:5      | Reached skill level 5 in Armour
  3494 | D:5      | Found Zeiru's Weapon Boutique.
  3539 | D:5      | Reached XP level 8. HP: 23/62 MP: 8/8
  3910 | D:6      | Reached skill level 1 in Stealth
  3955 | D:6      | Identified the ring of Buer {rCorr MP+9 Int+2 Dex-2}
  4362 | D:6      | Reached skill level 7 in Shields
  4803 | D:7      | Found a snail-covered altar of Cheibriados.
  4813 | D:7      | Found Ypurumut's Magic Scroll Emporium.
  4833 | D:7      | Bought 3 scrolls of identify for 72 gold pieces
  4880 | D:7      | Reached skill level 1 in Axes
  4880 | D:7      | Reached skill level 1 in Ranged Weapons
  4880 | D:7      | Reached XP level 9. HP: 54/69 MP: 9/9
  4882 | D:7      | Found a staircase to the Ecumenical Temple.
  4909 | Temple   | Entered the Ecumenical Temple
  5122 | Temple   | Became a worshipper of Warmaster Okawaru
  5270 | D:7      | Found Noicvus's Book Shop.
  5583 | D:7      | Noticed Menkaure
  5584 | D:7      | Found Cunimoukk's Jewellery Shop.
  5591 | D:7      | Killed Menkaure
  5692 | D:7      | Found Iczom's Magic Scroll Shoppe.
  5837 | D:8      | Noticed Maurice
  5856 | D:8      | Killed Maurice
  5856 | D:8      | Reached * piety under Okawaru
  5859 | D:8      | Reached skill level 8 in Shields
  6266 | D:8      | Reached XP level 10. HP: 69/77 MP: 10/10
  6277 | D:8      | Reached ** piety under Okawaru
  6278 | D:8      | Reached skill level 5 in Stealth
  6429 | D:8      | Reached skill level 1 in Invocations
  6479 | D:8      | Noticed a two-headed ogre
  6490 | D:8      | Killed a two-headed ogre
  6737 | D:8      | Reached skill level 5 in Axes
  6821 | D:8      | Noticed Joseph
  6831 | D:8      | Killed Joseph
  7115 | D:8      | Reached *** piety under Okawaru
  7126 | D:8      | Reached skill level 9 in Shields
  7577 | D:9      | Noticed a green ugly thing
  7578 | D:9      | Noticed a kobold demonologist
  7578 | D:9      | Noticed a two-headed ogre
  7578 | D:9      | Noticed a two-headed ogre
  7578 | D:9      | Noticed a komodo dragon
  7592 | D:9      | Reached XP level 11. HP: 52/84 MP: 10/13
  7595 | D:9      | Slain by a two-headed ogre

Illustrated notes

Levels and vault maps discovered:
D:1:      mrwooster_arrival_statue_2, layout_rooms
D:2:      layout_loops_ring, uniq_sigmund
D:3:      minmay_evil_eye, layout_loops_ring
D:4:      layout_basic, kennysheep_path_1
D:5:      layout_loops_ring, serial_shops, nicolae_diamond_shop
D:6:      layout_basic, serial_bayou_ford_a
D:7:      layout_gridville, mainiacjoe_overflow_catwalk,
          minmay_temple_entry_wispy, serial_shops, shop_scrolls, shop,
          nicolae_stop_n_shop_2, shop, uniq_menkaure
D:8:      layout_loops_ring, minmay_misc_feat_tiny, eino_tiny_chamber,
          uniq_joseph, uniq_maurice
D:9:      layout_stronghold, serial_shops, nicolae_shop_hallway_plus,
          grunt_potential
Temple:   mainiacjoe_temple_hex_bubbles

Skill      XL: |  1  2  3  4  5  6  7  8  9 10 |
---------------+-------------------------------+-----
Fighting       | 4 5 6 7 |  7.5
Maces & Flails | 4 5 6 |  6.4
Armour         | 4 5 6 7 |  7.4
Shields        | 5 6 7 8 9 |  9.2
Stealth        | 3 4 6 |  6.2
Axes           | 1 4 6 |  6.0
Ranged Weapons | 1 2 4 |  4.2
Invocations    | 3 |  3.3

Action                     |  1- 3 |  4- 6 |  7- 9 | 10-12 || total
---------------------------+-------+-------+-------+-------++-------
  Melee: Flail             |    56 |   164 |   250 |       ||   470
         Whip              |    10 |       |       |       ||    10
         War axe           |       |       |    81 |    14 ||    95
         Battleaxe         |       |       |       |    70 ||    70
 Invoke: Heroism           |       |       |       |     1 ||     1
    Use: Potion            |     1 |       |     2 |       ||     3
         Scroll            |       |     8 |    13 |     1 ||    22
   Stab: Sleeping          |       |       |     4 |     5 ||     9
 Armour: Plate armour      |    25 |   125 |    68 |       ||   218
         Scale mail        |     5 |       |       |       ||     5
         Shadow dragon sca |       |       |   141 |    47 ||   188
  Dodge: Dodged            |    22 |    63 |   111 |    33 ||   229
  Block: Buckler           |     9 |    50 |   103 |    32 ||   194

Table legend: (Time is in decaauts)
 A = Elapsed time spent in this place.
 B = Non-inter-level travel time spent in this place.
 C = Inter-level travel time spent in this place.
 D = Time resting spent in this place.
 E = Time spent auto-exploring this place.
 F = Levels seen in this place.
 G = Mean time per level.
                   A        B        C        D        E       F      G
               +--------+--------+--------+--------+--------+-----+--------+
         Total |   7737 |   7314 |    423 |      0 |   5756 |  10 |  773.7 |
       Dungeon |   7502 |   7104 |    398 |      0 |   5548 |   9 |  833.6 |
        Temple |    235 |    210 |     25 |      0 |    208 |   1 |  235.0 |
               +--------+--------+--------+--------+--------+-----+--------+

Top non-repeatable levels by time:
     D:8: 1526 daAuts
     D:3: 1130 daAuts
     D:6: 979 daAuts
     D:5: 892 daAuts
     D:7: 780 daAuts
     D:2: 735 daAuts
     D:4: 608 daAuts
     D:1: 538 daAuts
     D:9: 309 daAuts
  Temple: 235 daAuts
